AoeStats
← INK | Condortiero

Hill Fort

504390183Analyzed
4v4 RM · 28d ago on Sep 5, 2026· 51m 12s· 8 players
Game mode
Random Map
Map size
Large (8 player)
Population
200
Speed
Normal
Resources
Standard
Victory
Conquest
Starting age
Dark Age
Ending age
Imperial Age
RankedLock teamsTeams togetherTeam positionsShared explorationLock speedFull tech treeHidden civsTurbo modeCheats
Victory
Defeat
🇦🇷 Franks · Argentina
1460
+15
🇦🇷 Shu · Argentina
1444
+16
🇺🇾 Hindustanis · Uruguay
1443
+16
🇦🇷 Koreans · Argentina
1369
+19
🇦🇷 Spanish · Argentina
1526
-19
🇲🇽 Persians · Mexico
1447
-17
🇦🇷 Tatars · Argentina
1405
-15
🇨🇷 Lithuanians · Costa Rica
1392
-15
INK | Condortiero
9:21 Feudal Age
9:58 Double-Bit Axe
14:02 Loom
18:22 Castle Age
18:03 Scale Barding Armor
18:04 Gold Mining
19:26 Chain Barding Armor
20:25 Town Watch
21:55 Bow Saw
26:04 Wheelbarrow
29:20 Husbandry
30:21 Forging
37:52 Imperial Age
36:48 Hand Cart
38:06 Gold Shaft Mining
38:10 Cavalier
40:02 Plate Barding Armor
39:53 Conscription
40:17 Iron Casting
40:12 Fletching
43:28 Chemistry
43:08 Masonry
43:49 Hoardings
42:53 Paladin
45:00 Blast Furnace
45:17 Bodkin Arrow
45:47 Light Cavalry
49:43 Caravan
INK | Moqui
6:12 Loom
8:54 Feudal Age
9:44 Double-Bit Axe
13:34 Town Watch
18:21 Horse Collar
22:08 Castle Age
22:03 Fletching
22:19 Crossbowman
24:00 Bodkin Arrow
29:52 Gold Mining
34:04 Stone Mining
35:12 Thumb Ring
40:51 Imperial Age
39:30 Wheelbarrow
40:34 Ballistics
41:35 Bracer
42:37 Chemistry
42:02 Arbalester
43:33 Masonry
44:04 Conscription
49:20 Elite Skirmisher
51:44 Heavy Plow
51:55 Bow Saw
INK | Rhino
6:45 Loom
9:00 Feudal Age
10:06 Double-Bit Axe
12:50 Fletching
15:28 Wheelbarrow
21:00 Castle Age
20:25 Padded Archer Armor
21:04 Crossbowman
22:51 Bodkin Arrow
25:00 Thumb Ring
30:50 Ballistics
40:19 Imperial Age
39:50 Bow Saw
40:33 Town Watch
41:08 Bracer
40:35 Arbalester
42:56 Bolt Magazine
46:02 Chemistry
49:13 Hand Cart
49:56 Leather Archer Armor
51:25 Ring Archer Armor
INK | La Bestia
8:29 Feudal Age
9:22 Double-Bit Axe
9:54 Horse Collar
15:24 Wheelbarrow
19:19 Castle Age
17:23 Loom
17:53 Gold Mining
18:47 Scale Barding Armor
19:31 Forging
19:56 Bloodlines
20:48 Husbandry
21:39 Chain Barding Armor
28:59 Fletching
29:25 Bow Saw
38:58 Imperial Age
36:15 Town Watch
37:37 Iron Casting
38:49 Grand Trunk Road
40:14 Plate Barding Armor
39:08 Heavy Camel Rider
44:41 Imperial Camel Rider
46:53 Fletching
46:35 Light Cavalry
47:41 Hussar
50:42 Blast Furnace
EXILE | TimberLoroa
7:22 Loom
9:51 Feudal Age
10:38 Double-Bit Axe
10:34 Horse Collar
12:30 Fletching
16:21 Padded Archer Armor
25:58 Castle Age
24:17 Gold Mining
25:01 Bloodlines
26:40 Bodkin Arrow
27:18 Husbandry
30:20 Bow Saw
33:51 Leather Archer Armor
34:12 Silk Armor
35:00 Ballistics
42:54 Imperial Age
43:39 Bracer
43:03 Heavy Cavalry Archer
44:33 Ring Archer Armor
45:18 Chemistry
EXILE | Polag3K
9:48 Feudal Age
16:51 Castle Age
17:24 Scale Barding Armor
17:39 Forging
18:15 Bloodlines
18:18 Husbandry
18:57 Loom
22:42 Chain Barding Armor
23:57 Double-Bit Axe
26:04 Iron Casting
34:57 Town Watch
36:48 Wheelbarrow
40:39 Imperial Age
37:56 Horse Collar
38:24 Fletching
38:46 Pikeman
39:28 Scale Mail Armor
40:37 Chain Mail Armor
40:41 Halberdier
43:04 Plate Barding Armor
48:04 Squires
EXILE | Obi
10:39 Feudal Age
14:29 Castle Age
15:02 Horse Collar
15:44 Double-Bit Axe
15:57 Loom
20:48 Town Watch
21:57 Wheelbarrow
24:02 Bow Saw
24:12 Heavy Plow
27:10 Fletching
30:17 Bodkin Arrow
37:50 Imperial Age
37:30 Scale Barding Armor
37:36 Forging
39:06 Chain Barding Armor
38:50 Scale Mail Armor
38:24 Pikeman
39:04 Squires
38:52 Arson
40:08 Conscription
40:06 Chain Mail Armor
40:27 Iron Casting
39:16 Halberdier
39:25 Halberdier
41:58 Hand Cart
42:16 Plate Mail Armor
44:43 Blast Furnace
47:07 Bloodlines
47:02 Husbandry
46:23 Light Cavalry
47:58 Chain Barding Armor
48:11 Hussar
48:28 Cavalier
EXILE | Ale
6:07 Loom
8:46 Feudal Age
9:28 Double-Bit Axe
12:15 Wheelbarrow
17:28 Scale Barding Armor
17:55 Town Watch
18:47 Bloodlines
23:53 Castle Age
22:10 Forging
25:22 Chain Barding Armor
25:39 Iron Casting
25:21 Bow Saw
25:29 Husbandry
26:14 Light Cavalry
41:01 Imperial Age
41:03 Cavalier
42:23 Plate Barding Armor
Connection lost

Rejoining the realm…

Still unreachable

The connection could not be restored.

Session expired

The server has moved on; the page needs a fresh start.